AoeStats
← DamosReload2202

MegaRandom

508049129Analyzed
2v2 RM · 12d ago on Sep 20, 2026· 30m 44s· 4 players
Game mode
Random Map
Map size
Medium (4 player)
Population
200
Speed
Normal
Resources
Standard
Victory
Conquest
Starting age
Dark Age
Ending age
Imperial Age
RankedLock teamsTeams togetherTeam positionsShared explorationLock speedFull tech treeHidden civsTurbo modeCheats
Victory
Defeat
🇫🇷 Persians · France
1150
+13
🇫🇷 Vietnamese · France
1000
+19
🇫🇷 Khmer · France
1080
-16
🇵🇪 Khitans · Peru
1067
-16
Robert18
11:28 Feudal Age
10:03 Loom
16:02 Castle Age
Shintao80
8:50 Loom
11:31 Feudal Age
12:05 Double-Bit Axe
12:49 Horse Collar
DamosReload2202
6:15 Loom
9:16 Feudal Age
10:25 Double-Bit Axe
11:32 Town Watch
18:01 Wheelbarrow
21:58 Castle Age
21:15 Forging
21:20 Bloodlines
21:03 Gold Mining
21:05 Stone Mining
21:07 Horse Collar
22:13 Scale Barding Armor
22:28 Husbandry
23:51 Bow Saw
25:56 Iron Casting
25:58 Light Cavalry
29:41 Heavy Plow
30:46 Hand Cart
VoRia
10:44 Feudal Age
9:59 Loom
16:29 Castle Age
15:42 Stone Mining
15:52 Double-Bit Axe
19:05 Wheelbarrow
26:44 Bow Saw
26:48 Padded Archer Armor
26:41 Fletching
26:55 Padded Archer Armor
Connection lost

Rejoining the realm…

Still unreachable

The connection could not be restored.

Session expired

The server has moved on; the page needs a fresh start.